AoeStats
← yt536390

Scandinavia

510520447Analyzed
1v1 RM · 1d ago on Oct 1, 2026· 28m 40s· 2 players
Game mode
Random Map
Map size
Tiny (2 player)
Population
200
Speed
Normal
Resources
Standard
Victory
Conquest
Starting age
Dark Age
Ending age
Imperial Age
RankedLock teamsTeams togetherTeam positionsShared explorationLock speedFull tech treeHidden civsTurbo modeCheats
Victory
Defeat
🇩🇪 Dravidians · Germany
1715
+19
🇨🇳 Malians · China
1787
-19
LL | gummibaer
4:42 Loom
10:54 Feudal Age
11:53 Double-Bit Axe
12:12 Fishing Lines
15:21 Forging
20:24 Castle Age
18:48 Gold Mining
21:19 Medium Warships
21:47 Iron Casting
21:42 Demolition Ship
yt536390
9:52 Loom
12:13 Feudal Age
16:12 Castle Age
14:07 Fishing Lines
17:15 Medium Warships
20:04 Forging
20:03 Demolition Ship
27:13 Double-Bit Axe
29:13 Bow Saw
28:44 Horse Collar
Connection lost

Rejoining the realm…

Still unreachable

The connection could not be restored.

Session expired

The server has moved on; the page needs a fresh start.